 Dungeon Crawl Stone Soup version 0.18-a0-822-gb52b7b4 (webtiles) character file.

159 root the Skirmisher (level 5, -1/47 HPs)
             Began as a Hill Orc Abyssal Knight on Dec 16, 2015.
             Was a Believer of Lugonu.
             Slain by a gnoll
             ... wielding a +0 spear
              (4 damage)
             ... on level 2 of the Dungeon.
             The game lasted 00:10:58 (1762 turns).

root the Skirmisher (Hill Orc Abyssal Knight)       Turns: 1762, Time: 00:10:58

Health: -1/47      AC:  8    Str: 16    XL:     5   Next: 40%
Magic:  7/7        EV:  6    Int: 12    God:    Lugonu [**....]
Gold:   69         SH: 13    Dex: 10    Spells: 0 memorised, 4 levels left

rFire  . . .     SeeInvis .     n - +0 hand axe (vamp)
rCold  . . .     Gourm    .     u - +1 leather armour {rPois}
rNeg   . . .     Faith    .     f - +1 large shield {AC+3}
rPois  +         Spirit   .     (no helmet)
rElec  .         Dismiss  .     t - +0 cloak
rCorr  .         Reflect  .     (no gloves)
SustAt .         Harm     .     (no boots)
MR     .....                    (no amulet)
Stlth  +.........               (no ring)
                                (no ring)

@: not resistant to hostile enchantments, very unstealthy
A: no striking features
a: Depart the Abyss, Bend Space, Renounce Religion


You were on level 2 of the Dungeon.
You worshipped Lugonu.
Lugonu was pleased with you.
You were hungry.

You visited 1 branch of the dungeon, and saw 2 of its levels.
You visited the Abyss 1 time.

You collected 69 gold pieces.

Inventory:

Hand Weapons
 a - a +1 hand axe
 n - a +0 vampiric hand axe (weapon)
Armour
 f - a +1 large shield of protection (worn)
 t - a +0 cloak (worn)
 u - a +1 leather armour of poison resistance (worn)
Scrolls
 e - a scroll of random uselessness {unknown}
 g - a scroll of noise {unknown}
 h - a scroll of teleportation {unknown}
 j - 5 scrolls of identify {unknown}
 l - a scroll of magic mapping {unknown}
 m - a scroll of amnesia {unknown}
 q - a scroll of fear {unknown}
 w - 2 scrolls of enchant armour {unknown}
Potions
 b - 2 potions of poison {unknown}
 d - a potion of brilliance {unknown}
 i - a potion of heal wounds {unknown}
 k - 2 potions of curing {unknown}
 p - a potion of agility {unknown}
 v - 2 potions of degeneration {unknown}
Comestibles
 c - 2 bread rations
 o - 4 chunks of flesh
 r - a royal jelly
 s - a slice of pizza


   Skills:
 + Level 4.4 Fighting
 + Level 4.0 Axes
 + Level 3.4 Armour
 - Level 0.7 Dodging
 + Level 2.1 Shields
 + Level 3.8 Invocations


You had 4 spell levels left.
You didn't know any spells.

Dungeon Overview and Level Annotations

Branches:
Dungeon (2/15)

Altars:
Vehumet
Beogh


Message History

The gnoll is severely wounded.
You hit the gnoll but do no damage. The gnoll hits you but does no damage.
The gnoll hits you with a spear.
* * * LOW HITPOINT WARNING * * *
The gnoll barely misses you.
Unknown command.
You hit the gnoll.
You kill the gnoll!
Lugonu accepts your kill.
Your Axes skill increases to level 4!
You closely miss the gnoll. The gnoll hits you but does no damage.
The gnoll barely misses you.
You closely miss the gnoll. You block the gnoll's attack.
The gnoll barely misses you.
You closely miss the gnoll. You block the gnoll's attack.
The gnoll hits you with a spear.
* * * LOW HITPOINT WARNING * * *
You block the gnoll's attack.
The gnoll hits you from afar with a spear.
You die...

#.#.....>...........'
#......###..........#
###...## #.......##
#..#####.##.....##
#........###...##
##.####### ##รท##
###.#### #.#
#gg)...#### #.#####
#.#@......# ##.##...
#g#.%#.##.###...#...
#.#..#.# #........
#g#>.. . ##.......
#g##.#. # ##...... #g
.... #.##... #. .. ..
........ ######
###.##### #.


You could see 2 gnolls.

Vanquished Creatures
  A giant frog (D:2)
  2 gnolls (D:2)
  An adder (D:2)
  A shadow imp (D:2)
  A worm (D:2)
  3 giant geckos
  5 bats
  A giant cockroach (D:1)
  6 hobgoblins
  3 jackals (D:1)
  3 kobolds
  A quokka (D:2)
  A ball python (D:1)
  3 giant newts (D:1)
  11 goblins
  6 rats
49 creatures vanquished.

Notes
Turn   | Place    | Note
--------------------------------------------------------------
     0 | Abyss:1  | root the Hill Orc Abyssal Knight began the quest for the Orb.
     0 | Abyss:1  | Reached XP level 1. HP: 19/19 MP: 2/2
    38 | Abyss:1  | Found a corrupted altar of Lugonu.
    43 | Abyss:1  | Noticed an ancient zyme
   110 | Abyss:1  | Noticed a thrashing horror
   111 | D:1      | Escaped the Abyss
   187 | D:1      | Reached XP level 2. HP: 26/26 MP: 3/3
   203 | D:1      | Noticed an orc warrior
   205 | D:1      | Reached * piety under Lugonu
   211 | D:1      | Found a roughly hewn altar of Beogh.
   641 | D:1      | Reached XP level 3. HP: 23/33 MP: 4/4
   644 | D:1      | Reached skill level 1 in Shields
  1123 | D:2      | Found a radiant altar of Vehumet.
  1272 | D:2      | Reached ** piety under Lugonu
  1334 | D:2      | Noticed a giant frog
  1350 | D:2      | Killed a giant frog
  1350 | D:2      | Reached skill level 4 in Fighting
  1350 | D:2      | Reached XP level 4. HP: 29/40 MP: 6/6
  1365 | D:2      | Reached XP level 5. HP: 13/47 MP: 7/7
  1762 | D:2      | Slain by a gnoll

Vault maps used:
D:1:      erik_arrival_cave_to_civilisation
D:2:      overflow_temple_1_default, grunt_temple_overflow_open,
          ecumenical_altar_2, minmay_divided_ellipse

Action                   |  1- 3 |  4- 6 || total
-------------------------+-------+-------++-------
Melee: Hand axe          |   155 |    68 ||   223
Invok: Depart the Abyss  |     1 |       ||     1
 Stab: Sleeping          |     1 |       ||     1
  Eat: Bread ration      |     1 |       ||     1
       Chunk             |     2 |     1 ||     3
